 Dungeon Crawl Stone Soup version 0.21-a0-29-g43b3074 (webtiles) character file.

343 rageheart7 the Slicer (level 6, -1/35 HPs)
             Began as a Kobold Gladiator on May 26, 2017.
             Slain by a shadow imp (2 damage)
             ... summoned by Natasha
             ... on level 3 of the Dungeon.
             The game lasted 00:09:30 (2651 turns).

rageheart7 the Slicer (Kobold Gladiator)            Turns: 2651, Time: 00:09:32

Health: -1/35      AC:  4    Str: 13    XL:     6   Next: 88%
Magic:  6/6        EV: 16    Int:  9    God:
Gold:   149        SH:  0    Dex: 17    Spells: 5/5 levels left

rFire    . . .     SeeInvis .   a - +1 rapier
rCold    . . .     Gourm    .   (shield restricted)
rNeg     . . .     Faith    .   b - +0 leather armour
rPois    .         Spirit   .   c - +0 helmet
rElec    .         Reflect  .   (no cloak)
rCorr    .         Harm     .   (no gloves)
MR       .....                  (no boots)
Stlth    ++........             (no amulet)
Regen    0.2/turn               i - ring of flight
MPRegen  0.1/turn               (no ring)

@: slowed, very slow
A: carnivore 3
a: Evoke Flight


You were on level 3 of the Dungeon.
You were completely stuffed.

You visited 1 branch of the dungeon, and saw 3 of its levels.

You collected 149 gold pieces.

Inventory:

Hand Weapons
 a - a +1 rapier (weapon)
Missiles
 d - 3 throwing nets (quivered)
Armour
 b - a +0 leather armour (worn)
 c - a +0 helmet (worn)
 j - a +0 buckler
Jewellery
 i - a ring of flight (left hand)
Wands
 n - a wand of random effects (10/48)
Scrolls
 e - a scroll of recharging
 h - a scroll of enchant weapon
 k - a scroll of magic mapping
Comestibles
 f - 2 meat rations
 g - a royal jelly
 o - 3 chunks of flesh


   Skills:
 - Level 2.1 Fighting
 * Level 9.0 Short Blades
 - Level 2.1 Throwing
 - Level 3.6 Dodging
 * Level 2.4 Stealth
 - Level 0.5 Evocations


You had 5 spell levels left.
You didn't know any spells.

Dungeon Overview and Level Annotations

Branches:
Dungeon (3/15)

Altars:

Annotations:
D:3 Natasha


Innate Abilities, Weirdness & Mutations

You are small and have problems with some larger weapons.
You are carnivorous and can eat meat at any time.


Message History

Natasha casts a spell.
Evoke which item? (* to show all) (? for menu, Esc to quit)
Aiming: Random Effects
Press: ? - help, Shift-Dir - straight line, f - gnoll
Aim: a gnoll, wielding a halberd and wearing a ring mail The puff of flame hits Natasha.
Natasha is heavily wounded.
This wand has 11 charges left.
The shadow imp closely misses you.
Natasha wildly gestures.
Natasha's front paws start to glow.
Natasha completely misses you.
Evoke which item? (* to show all) (? for menu, Esc to quit)
Aiming: Random Effects
Press: ? - help, Shift-Dir - straight line, f/p - gnoll
Aim: a gnoll, wielding a halberd and wearing a ring mail Natasha resists with significant effort.
This wand has 10 charges left.
Natasha claws you.
* * * LOW HITPOINT WARNING * * *
The shadow imp closely misses you. The shadow imp hits you.
You die...

#........#,,,,*
#..#..w....,,,****
#..##......,,,,,,,
#..#*##....,,,****
#5w####..#.,,,* *
#gl........,,,* *
#g############* * #h#
#.....# #@# #.....#
####5######.....#
#........##.....#
#..#.##.>##.....#
#..#.##..####.####*##
#..#.....<..>....#...
#..##.###..##.##.#.#*
#..##.# #..........#
#.....###..#.###...#


You could see a worm, Natasha, a gnoll, a white imp, a shadow imp, a hobgoblin
and a frilled lizard.

Vanquished Creatures
  A scorpion (D:3)
  3 orc wizards (D:3)
  An orc priest (D:3)
  Jessica (D:2)
  4 adders
  3 gnolls (D:3)
  3 worms
  A dart slug (D:1)
  4 leopard geckos
  8 orcs (D:3)
  8 giant cockroaches
  5 goblins
  8 hobgoblins
  2 jackals (D:2)
  6 kobolds
  2 quokkas
  A ball python (D:1)
  4 bats
  2 frilled lizards
  4 rats
71 creatures vanquished.

Notes
Turn   | Place    | Note
-------+----------+-------------------------------------------
     0 | D:1      | rageheart7 the Kobold Gladiator began the quest for the Orb.
     0 | D:1      | Reached XP level 1. HP: 12/12 MP: 1/1
   138 | D:1      | Upgraded the game from 0.21-a0-28-g9a7844a to 0.21-a0-29-g43b3074
   203 | D:1      | Reached XP level 2. HP: 14/17 MP: 2/2
   432 | D:1      | Reached skill level 5 in Short Blades
   717 | D:1      | Reached XP level 3. HP: 21/21 MP: 3/3
   765 | D:1      | Reached skill level 1 in Stealth
   993 | D:2      | Noticed Jessica
  1006 | D:2      | Killed Jessica
  1006 | D:2      | Reached XP level 4. HP: 21/26 MP: 4/4
  1069 | D:2      | Reached skill level 6 in Short Blades
  1644 | D:3      | Reached skill level 7 in Short Blades
  1644 | D:3      | Reached XP level 5. HP: 24/30 MP: 5/5
  1668 | D:3      | Reached XP level 6. HP: 21/35 MP: 6/6
  1668 | D:3      | Reached skill level 8 in Short Blades
  2418 | D:3      | Reached skill level 9 in Short Blades
  2633 | D:3      | Noticed Natasha
  2651 | D:3      | HP: 1/35 [Natasha (5)]
  2651 | D:3      | Slain by a shadow imp

Vault maps used:
D:1:      dpeg_arrival_circle_labyrinth_c
D:2:      first_bread, grunt_decor_cap, uniq_jessica
D:3:      uniq_natasha

Skill      XL: |  1  2  3  4  5  6 |
---------------+-------------------+-----
Short Blades   | 5 7 9 |  9.0
Stealth        | 1 2 |  2.4
Fighting       | |  2.1
Throwing       | |  2.1
Dodging        | |  3.6
Evocations     | |  0.5

Action                   |  1- 3 |  4- 6 || total
-------------------------+-------+-------++-------
Melee: Rapier            |    73 |   140 ||   213
Evoke: Wand              |       |    14 ||    14
  Use: Scroll            |       |     7 ||     7
       Potion            |       |     4 ||     4
 Stab: Sleeping          |     1 |     4 ||     5
       Paralysed         |       |     1 ||     1
  Eat: Chunk             |     8 |     6 ||    14
Armor: Leather armour    |    21 |    27 ||    48
Dodge: Dodged            |    52 |   109 ||   161
